 Dungeon Crawl Stone Soup version 0.18.1-48-g4cf74bf (webtiles) character file.

80 Qew7 the Ruffian (level 4, -1/66 HPs)
             Began as a Troll Monk on Aug 20, 2016.
             Slain by ayyllmao's ghost (9 damage)
             ... on level 3 of the Dungeon.
             The game lasted 00:09:22 (836 turns).

Qew7 the Ruffian (Troll Monk)                        Turns: 836, Time: 00:09:23

Health: -1/66      AC: 22    Str: 24    XL:     4   Next: 18%
Magic:  3/3        EV:  1    Int:  6    God:
Gold:   135        SH:  0    Dex: 13    Spells: 0 memorised, 3 levels left

rFire  . . .     SeeInvis .       - Unarmed
rCold  . . .     Gourm    +     (armour currently unavailable)
rNeg   + + +     Faith    .     (no shield)
rPois  +         Spirit   .     (helmet currently unavailable)
rElec  .         Dismiss  .     (cloak currently unavailable)
rCorr  .         Reflect  .     (gloves unavailable)
SustAt .         Harm     .     (boots unavailable)
MR     .....     NoTele   +     (no amulet)
Stlth  ++........               (no ring)
                                (no ring)

@: mighty, tree-form, not resistant to hostile enchantments, unstealthy
A: unfitting armour, (claws 0), fast metabolism 3, gourmand, regeneration 2,
(shaggy fur 0), (tough skin 0)
a: no special abilities


You were on level 3 of the Dungeon.
You were not hungry.
You were a tree.
You visited 1 branch of the dungeon, and saw 3 of its levels.

You collected 135 gold pieces.

Inventory:

Armour
 a - a +0 robe (melded)
 k - a +0 scale mail
Scrolls
 e - a scroll of identify
 i - a scroll of remove curse
Potions
 d - 2 potions of curing
 f - a potion of might
Comestibles
 b - 2 bread rations
 g - a meat ration
 j - 2 beef jerkies


   Skills:
 + Level 2.9 Fighting
 + Level 2.9 Dodging
 + Level 1.2 Stealth
 + Level 4.8 Unarmed Combat


You had 3 spell levels left.
You didn't know any spells.

Dungeon Overview and Level Annotations

Branches:
Dungeon (3/15)

Altars:

Annotations:
D:3 ayyllmao's ghost, amateur FoFi


Innate Abilities, Weirdness & Mutations

You are too large for most types of armour.
((You have claws for hands.))
Your metabolism is lightning-fast.
You like to eat raw meat.
You heal very quickly.
((You are covered in fur (AC +1).))
((You have very tough skin (AC +2).))


Message History

Okay, then.
Drink which item? (? for menu, Esc to quit)
It was a potion of might.
You feel very mighty all of a sudden. Ayyllmao's ghost misses you.
Drink which item? (? for menu, Esc to quit)
It was a potion of lignification.
You turn into a tree.
Your +0 robe melds into your body.
Your roots penetrate the ground.
Ayyllmao's ghost hits you but does no damage.
You barely miss ayyllmao's ghost.
Ayyllmao's ghost is severely damaged.
Ayyllmao's ghost hits you.
* * * LOW HITPOINT WARNING * * *
You hit ayyllmao's ghost but do no damage.
Ayyllmao's ghost is severely damaged.
Ayyllmao's ghost hits you but does no damage.
As you read the scroll of immolation, it crumbles to dust.
The creatures around you are filled with an inner flame!
Ayyllmao's ghost hits you!
You die...

#.. #.. ##.. ...##
########## #..# ##.........
.. ###.##.####
#..########...
#.........####.## ..#
#...(#.##..##..########.# #
###........♣......).#...#..
#.#...##.W................
# ###..)...######.........
..........# #.........
#...........###.........
...............#........
...........#............
...........#.......#..#
...........#..#


You could see ayyllmao's ghost (inner flame).

Vanquished Creatures
  4 adders
  An ooze (D:1)
  A worm (D:2)
  2 dart slugs (D:1)
  2 giant cockroaches (D:1)
  7 goblins
  5 hobgoblins
  6 bats
  A giant newt (D:1)
  3 kobolds
  3 rats (D:1)
35 creatures vanquished.

Notes
Turn   | Place    | Note
--------------------------------------------------------------
     0 | D:1      | Qew7 the Troll Monk began the quest for the Orb.
     0 | D:1      | Reached XP level 1. HP: 22/22 MP: 0/0
   166 | D:1      | Reached XP level 2. HP: 29/29 MP: 1/1
   487 | D:2      | Reached XP level 3. HP: 22/36 MP: 2/2
   725 | D:2      | Reached XP level 4. HP: 44/44 MP: 3/3
   815 | D:3      | Noticed ayyllmao's ghost (amateur FoFi)
   836 | D:3      | Slain by ayyllmao's ghost

Action                   |  1- 3 |  4- 6 || total
-------------------------+-------+-------++-------
Melee: Unarmed           |    91 |    27 ||   118
       Punch             |     5 |     1 ||     6
  Use: Scroll            |     3 |     1 ||     4
       Potion            |       |     2 ||     2
  Eat: Bread ration      |     1 |       ||     1
Armor: Robe              |    40 |    15 ||    55
       Skin              |       |     2 ||     2
Dodge: Dodged            |    53 |    24 ||    77
